 Dungeon Crawl Stone Soup version 0.18.1-2-ga659475 (webtiles) character file.

861 Mefis the Magician (level 7, 0/36 HPs)
             Began as a Deep Elf Wizard on May 8, 2016.
             Was an Initiate of Dithmenos (penitent).
             Slain by a shadow (10 damage)
             ... created by the darkness of Dithmenos
             ... on level 5 of the Dungeon.
             The game lasted 00:18:35 (6578 turns).

Mefis the Magician (Deep Elf Wizard)                Turns: 6578, Time: 00:18:36

Health: 0/36       AC:  2    Str:  6    XL:     7   Next: 71%
Magic:  8/18       EV: 17    Int: 25    God:    Dithmenos [*]
Gold:   266        SH:  0    Dex: 13    Spells: 7 memorised, 4 levels left

rFire  . . .     SeeInvis .     l - +0 dagger
rCold  . . .     Gourm    .     a - +0 robe
rNeg   . . .     Faith    .     (no shield)
rPois  .         Spirit   .     b - +0 hat
rElec  .         Dismiss  .     (no cloak)
rCorr  .         Reflect  .     (no gloves)
SustAt .         Harm     .     (no boots)
MR     .....                    (no amulet)
Stlth  ++++......               u - ring of stealth
                                y - +3 ring of evasion

@: very slightly contaminated, repel missiles, not resistant to hostile
enchantments, stealthy
A: strong 1, wild magic 2
a: Renounce Religion


You were on level 5 of the Dungeon.
You worshipped Dithmenos.
Dithmenos was demanding penance.
You were not hungry.

You visited 1 branch of the dungeon, and saw 5 of its levels.

You collected 266 gold pieces.

Inventory:

Hand Weapons
 d - a +0 hunting sling
 l - a +0 dagger (weapon)
Missiles
 f - 7 poisoned javelins (quivered)
 i - 2 throwing nets
 o - 4 tomahawks
 E - 21 arrows
Armour
 a - a +0 robe (worn)
 b - a +0 hat (worn)
 J - a +0 swamp dragon armour
Jewellery
 e - an uncursed ring of protection from fire
 s - an uncursed ring of see invisible
 u - a ring of stealth (right hand)
 y - a +3 ring of evasion (left hand)
 C - an uncursed ring of poison resistance
 H - an uncursed ring of protection from magic
Scrolls
 h - 2 scrolls of recharging {unknown}
 j - 2 scrolls of enchant armour {unknown}
 n - 4 scrolls of remove curse {unknown}
 p - a scroll of magic mapping
 q - a scroll of fear
 r - a scroll of teleportation
 w - a scroll of noise
 z - a scroll of blinking
Potions
 g - a potion of curing
 m - 3 potions of agility
 v - a potion of flight {unknown}
 B - a potion of might {unknown}
 F - a potion of brilliance {unknown}
 K - 2 potions of degeneration {unknown}
Books
 c - a book of Minor Magic

   Spells                             Type                      Level
   a - Magic Dart                     Conjuration                  1
   b - Blink                          Translocation                2
   c - Call Imp                       Summoning                    2
   d - Repel Missiles                 Charms/Air                   2
   e - Slow                           Hexes                        2
   f - Conjure Flame                  Conjuration/Fire             3
   g - Mephitic Cloud                 Conjuration/Poison/Air       3
 D - a book of Envenomations

   Spells                             Type                      Level
   a - Spider Form                    Transmutation/Poison         3
   b - Olgreb's Toxic Radiance        Poison                       4
   c - Alistair's Intoxication        Transmutation/Poison         5
   d - Poisonous Cloud                Conjuration/Poison/Air       6
Miscellaneous
 I - a plain deck of defence
Comestibles
 k - 3 meat rations
 t - a slice of pizza
 x - a fruit
 A - a beef jerky
 G - a bread ration


   Skills:
 + Level 4.7 Dodging
 + Level 4.7 Stealth
 + Level 6.5 Spellcasting
 + Level 3.8 Conjurations
 - Level 2.4 Charms
 + Level 3.2 Summonings
 - Level 1.1 Translocations
 + Level 2.5 Fire Magic
 + Level 2.9 Poison Magic


You had 4 spell levels left.
You knew the following spells:

 Your Spells              Type           Power        Failure   Level  Hunger
a - Magic Dart            Conj           ####         4%          1    None
b - Call Imp              Summ           #####...     10%         2    None
c - Blink                 Tloc           N/A          21%         2    None
d - Repel Missiles        Chrm/Air       ###...       21%         2    None
e - Mephitic Cloud        Conj/Pois/Air  ####....     24%         3    None
f - Conjure Flame         Conj/Fire      #####...     17%         3    None
g - Slow                  Hex            ##......     24%         2    None


Dungeon Overview and Level Annotations

Branches:
Dungeon (5/15)
 Temple: D:4-7

Altars:
Cheibriados
Dithmenos
Kikubaaqudgha
Nemelex Xobeh
Zin


Innate Abilities, Weirdness & Mutations

Your muscles are strong. (Str +2)
Your spells are harder to cast, but more powerful.


Message History

Casting: Blink
Confirm with . or Enter, or press ? or * to list all spells.
Okay, then.
Casting: Blink
Confirm with . or Enter, or press ? or * to list all spells.
You blink.
The shadow slips into darkness.
The shadow flickers and vanishes!
Deactivating autopickup; reactivate with Ctrl-A.
Your white imp hits something but does no damage.
Your crimson imp blinks!
The shadow strikes at your crimson imp from the darkness!
Your crimson imp dies!
Your white imp hits the shadow.
Your white imp freezes the shadow.
The shadow completely resists.
The shadow slips into darkness.
The shadow flickers and vanishes!
The sentinel's mark upon you fades away.
The shadow strikes at you from the darkness!
You die...

#####...........#........>...#
#. #
#.###.#..>..........###### ##
#.# #.(...##...........# #.#
#.#.###.....5#..##.# #####.#
#.##.#.......W.†.#.# ......#
#.###.####.##.≈≈≈..# #######
#.# ### #.##≈≈≈≈≈.......
#.########.##≈≈.≈≈#######
#.......@..##≈≈≈≈≈#
##############≈≈≈## ##_## ###


There were no monsters in sight!

Vanquished Creatures
  Eustachio (D:5)
  2 ogres
  2 jellies (D:5)
  2 hounds
  A giant frog zombie (D:5)
  A giant frog skeleton (D:5)
  2 iguanas
  5 worker ants
  5 adders
  A shadow imp (D:5)
  2 adder skeletons
  A dart slug (D:5)
  4 giant geckos
  4 orcs
  A ball python (D:2)
  4 bats
  6 giant cockroaches
  6 goblins
  10 hobgoblins
  8 kobolds
  3 quokkas
  A giant gecko skeleton (D:4)
  4 giant newts
  5 rats
81 creatures vanquished.

Vanquished Creatures (collateral kills)
  A crimson imp (D:5)
  3 worms
  2 orcs (D:3)
6 creatures vanquished.

Grand Total: 87 creatures vanquished

Notes
Turn   | Place    | Note
--------------------------------------------------------------
     0 | D:1      | Mefis the Deep Elf Wizard began the quest for the Orb.
     0 | D:1      | Reached XP level 1. HP: 10/10 MP: 7/7
   663 | D:1      | Reached XP level 2. HP: 14/15 MP: 6/9
   667 | D:1      | Learned a level 2 spell: Call Imp
   670 | D:1      | Learned a level 2 spell: Blink
   673 | D:1      | Learned a level 2 spell: Repel Missiles
   795 | D:1      | Reached skill level 5 in Spellcasting
  1702 | D:2      | Found a faded altar to an unknown god.
  1705 | D:2      | Reached XP level 3. HP: 19/19 MP: 9/11
  1712 | D:2      | Became a worshipper of Dithmenos the Shadowed
  1712 | D:2      | Reached * piety under Dithmenos
  2670 | D:2      | Reached XP level 4. HP: 23/24 MP: 7/13
  2675 | D:2      | Learned a level 3 spell: Mephitic Cloud
  2679 | D:2      | Learned a level 3 spell: Conjure Flame
  2939 | D:2      | You fall through a shaft for 2 floors!
  2965 | D:4      | Reached skill level 1 in Charms
  2966 | D:4      | Gained mutation: Your spells are a little harder to cast, but a little more powerful. [potion of mutation]
  2966 | D:4      | Gained mutation: Your muscles are strong. (Str +2) [potion of mutation]
  2966 | D:4      | Gained mutation: Your spells are harder to cast, but more powerful. [potion of mutation]
  3297 | D:4      | Noticed an ogre
  3318 | D:4      | Killed an ogre
  3318 | D:4      | Reached XP level 5. HP: 28/28 MP: 2/15
  3416 | D:3      | Found a shadowy altar of Dithmenos.
  3860 | D:3      | Reached skill level 1 in Fire Magic
  4114 | D:3      | Learned a level 2 spell: Slow
  4394 | D:4      | Reached skill level 1 in Poison Magic
  4394 | D:4      | Reached XP level 6. HP: 32/32 MP: 8/16
  4648 | D:4      | Reached ** piety under Dithmenos
  4794 | D:4      | Found an ancient bone altar of Kikubaaqudgha.
  4819 | D:4      | Reached skill level 6 in Spellcasting
  5032 | D:4      | Found a sparkling altar of Nemelex Xobeh.
  5068 | D:5      | Entered Level 5 of the Dungeon
  5098 | D:5      | Noticed Eustachio
  5109 | D:5      | Was placed under penance by Dithmenos
  5118 | D:5      | Killed Eustachio
  5167 | D:5      | Reached XP level 7. HP: 35/36 MP: 1/18
  6002 | D:5      | HP: 1/36 [worker ant (5)]
  6253 | D:5      | Found a glowing silver altar of Zin.
  6515 | D:5      | Found a snail-covered altar of Cheibriados.
  6565 | D:5      | Noticed a shadow
  6565 | D:5      | Noticed a shadow
  6565 | D:5      | Noticed a shadow
  6565 | D:5      | Noticed a shadow
  6578 | D:5      | Slain by a shadow

Skill      XL: |  1  2  3  4  5  6  7 |
---------------+----------------------+-----
Spellcasting   | 5 6 |  6.5
Dodging        | 3 4 |  4.7
Conjurations   | 2 3 |  3.8
Stealth        | 3 4 |  4.7
Charms         | 2 |  2.4
Fire Magic     | 1 2 |  2.5
Poison Magic   | 1 2 |  2.9
Summonings     | 2 3 |  3.2
Translocations | |  1.1

Action                   |  1- 3 |  4- 6 |  7- 9 || total
-------------------------+-------+-------+-------++-------
Melee: Unarmed           |     8 |       |       ||     8
       Dagger            |     7 |    21 |     3 ||    31
Throw: Javelin           |       |     2 |       ||     2
 Cast: Magic Dart        |   102 |   113 |    63 ||   278
       Repel Missiles    |     1 |       |     1 ||     2
       Call Imp          |     5 |     1 |     8 ||    14
       Blink             |     3 |     2 |     3 ||     8
       Mephitic Cloud    |       |     3 |     1 ||     4
       Conjure Flame     |       |     1 |     1 ||     2
  Use: Potion            |       |     3 |     1 ||     4
       Scroll            |       |     6 |       ||     6
 Stab: Sleeping          |     2 |     7 |     2 ||    11
  Eat: Chunk             |     2 |     1 |       ||     3
       Bread ration      |     1 |       |     1 ||     2
       Meat ration       |       |     1 |       ||     1
Armor: Robe              |     9 |     3 |     3 ||    15
Dodge: Dodged            |    33 |    38 |    22 ||    93
